 Dungeon Crawl Stone Soup version 0.23.2-1-ga50397a (webtiles) character file.

Game seed: 14463854145591199057

186 MalarOregon the Ruffian (level 5, -5/45 HPs)
             Began as a Ghoul Warper on May 28, 2019.
             Slain by a scorpion (9 damage)
             ... on level 3 of the Dungeon.
             The game lasted 00:05:47 (2778 turns).

MalarOregon the Ruffian (Ghoul Warper)              Turns: 2778, Time: 00:05:47

Health: -5/45      AC:  3    Str: 15    XL:     5   Next: 65%
Magic:  6/6        EV: 12    Int: 12    God:
Gold:   212        SH:  0    Dex:  8    Spells: 7/7 levels left

rFire    . . .     SeeInvis .     - Unarmed
rCold    + . .     Gourm    .   (no shield)
rNeg     + + +     Faith    .   a - +0 leather armour
rPois    ∞         Spirit   .   (no helmet)
rElec    .         Reflect  .   (no cloak)
rCorr    .         Harm     .   (no gloves)
MR       .....                  (no boots)
Stlth    ..........             h - amulet of the acrobat
HPRegen  0.00/turn              f - +3 ring of intelligence
MPRegen  0.10/turn              (no ring)

@: confused, very slightly contaminated, rotting
A: rotting body, claws 1, carnivore, cold resistance 1, negative energy
resistance 3, inhibited regeneration, torment resistance, unbreathing
a: no special abilities


You were on level 3 of the Dungeon.
You were not hungry.

You visited 1 branch of the dungeon, and saw 4 of its levels.

You collected 212 gold pieces.

Inventory:

Hand Weapons
 b - a +0 blowgun
   (You took it off a kobold on level 3 of the Dungeon)
Missiles
 d - 5 tomahawks of dispersal (quivered) {!f}
 k - 6 tomahawks
 o - 3 poisoned needles
Armour
 a - a +0 leather armour (worn)
Jewellery
 f - a +3 ring of intelligence (left claw)
   (You found it on level 1 of the Dungeon)
 h - an amulet of the acrobat (around neck)
   (You found it on level 1 of the Dungeon)
 l - an uncursed ring of ice {unknown}
   (You found it on level 2 of the Dungeon)
Scrolls
 g - 2 scrolls of remove curse {unknown}
 i - 3 scrolls of identify {unknown}
 j - a scroll of enchant weapon {unknown}
 m - a scroll of fear {unknown}
Potions
 n - a potion of agility {unknown}
 q - a potion of magic {unknown}
Comestibles
 e - 5 rations {!d}


   Skills:
 + Level 3.3 Fighting
 - Level 0.8 Throwing
 + Level 2.2 Armour
 + Level 2.8 Dodging
 * Level 4.2 Unarmed Combat
 - Level 1.7 Spellcasting
   Level 2.6 Translocations


You had 7 spell levels left.
You didn't know any spells.
Your spell library contained the following spells:

 Spells                   Type           Power        Failure   Level  Hunger
 Blink                    Tloc           N/A          17%         2    ###....
 Shroud of Golubria       Chrm/Tloc      #.........   30%         2    ###....
 Gell's Gravitas          Tloc           #.........   34%         3    ####...
 Lesser Beckoning         Tloc           #.........   34%         3    ####...
 Teleport Other           Tloc           #.......     34%         3    ####...
 Passage of Golubria      Tloc           N/A          75%         4    #####..


Dungeon Overview and Level Annotations

Branches:
Dungeon (4/15)
 Temple: D:4-7

Altars:
Elyvilon
Gozag
Qazlal
Ru
Vehumet
Wu Jian

Annotations:
D:2 1 runed translucent door, Crazy Yiuf


Innate Abilities, Weirdness & Mutations

Your body is rotting away.
You thrive on raw meat.
You are immune to poison.
You have sharp fingernails.
You are carnivorous and can eat meat at any time.
Your flesh is cold resistant. (rC+)
You are immune to negative energy. (rN+++)
You do not regenerate when monsters are visible.
You are immune to unholy pain and torment.
You can survive without breathing.


Message History

An orc comes into view. It is wielding a +0 whip.
The orc shouts! x2
You see here a poisoned needle.
Things that are here:
a poisoned needle; 6 tomahawks The orc warrior closely misses you.
You see here a poisoned needle.
o - 2 poisoned needles (gained 1)
The orc warrior hits you with a +2 short sword of draining!
* * * LOW HITPOINT WARNING * * *
The orc completely misses you.
Things that are here:
a poisoned needle; 6 tomahawks
o - 3 poisoned needles (gained 1);
k - 6 tomahawks The orc barely misses you.
The orc warrior hits you with a +2 short sword of draining!
* * * LOW HITPOINT WARNING * * *
The orc completely misses you.
You see here a poisoned needle.
There is a stone staircase leading down here.
Okay, then.
There is a stone staircase leading down here.
Blink to where?
You are very lightly contaminated with residual magic.
As you read the scroll of blinking, it crumbles to dust.
You climb downwards.
Found a stone staircase leading up and a stone staircase leading down.
There is a stone staircase leading up here.
You start resting.
An orc wizard comes into view. It is wielding a +0 dagger.
A scorpion comes into view.
The orc wizard shouts!
You hear a shout! x2
There is a stone staircase leading up here.
The orc wizard casts a spell at you.
You are confused.
In your confused state, you trip and fall back down the stairs.
* * * LOW HITPOINT WARNING * * *
Unknown command.
The scorpion closely misses you.
You climb upwards.
A goblin comes into view. It is wielding a +0 club.
There is a stone staircase leading down here.
Unknown command.
Okay, then.
It was a potion of ambrosia.
You are more confused.
You feel invigorated. The scorpion stings you!
* * * LOW HITPOINT WARNING * * *
You miss the scorpion. The scorpion stings you!
You die...

#.# #.#
###.#############
#...............#
#.#####.#######.#
##.# #.# #.# .).#
#.# #.# ##.# #.#
#s# #.#####.# #@#
#.......# #.#
####.##### #g#
#....# #.# #.####
#.. #.# #.. #.##
##. (..# #. #..#


You could see a scorpion and a goblin.

Vanquished Creatures
  An orc priest (D:3)
  Jessica (D:3)
  Terence (D:3)
  3 adders
  An ooze (D:1)
  6 worms
  A dart slug (D:2)
  A leopard gecko (D:1)
  An orc (D:3)
  4 bats
  4 giant cockroaches
  4 goblins (D:1)
  4 hobgoblins
  6 jackals
  2 quokkas
  4 frilled lizards
  5 kobolds
  10 rats
59 creatures vanquished.

Notes
Turn   | Place    | Note
-------+----------+-------------------------------------------
     0 | D:1      | MalarOregon the Ghoul Warper began the quest for the Orb.
     0 | D:1      | Reached XP level 1. HP: 17/17 MP: 2/2
    13 | D:1      | Reached skill level 1 in Armour
   220 | D:1      | Reached XP level 2. HP: 24/25 MP: 3/3
   572 | D:1      | Reached skill level 3 in Unarmed Combat
   572 | D:1      | Reached XP level 3. HP: 17/30 MP: 4/4
  1375 | D:2      | Found an opulent altar of Gozag.
  1377 | D:2      | Found an ornate altar of the Wu Jian Council.
  1396 | D:2      | Reached XP level 4. HP: 28/37 MP: 5/5
  1576 | D:2      | Found a radiant altar of Vehumet.
  1583 | D:2      | Found a white marble altar of Elyvilon.
  1585 | D:2      | Found a stormy altar of Qazlal.
  1643 | D:2      | Found a runed translucent door.
  1644 | D:2      | Noticed Crazy Yiuf
  1785 | D:2      | Found a sacrificial altar of Ru.
  2087 | D:3      | Noticed Jessica
  2094 | D:3      | Killed Jessica
  2349 | D:3      | Reached XP level 5. HP: 15/45 MP: 6/6
  2437 | D:3      | Noticed Terence
  2455 | D:3      | Killed Terence
  2455 | D:3      | Reached skill level 4 in Unarmed Combat
  2680 | D:3      | Noticed an orc warrior
  2687 | D:3      | HP: 2/45 [orc warrior/+2 short sword of draining (11)]
  2777 | D:3      | HP: 1/45 [scorpion (8)]
  2778 | D:3      | Slain by a scorpion

Skill      XL: |  1  2  3  4  5 |
---------------+----------------+-----
Armour         | 1 2 |  2.2
Dodging        | 2 |  2.8
Unarmed Combat | 3 4 |  4.2
Fighting       | 3 |  3.3
Throwing       | |  0.8
Spellcasting   | |  1.7
Translocations | |  2.6

Action                   |  1- 3 |  4- 6 || total
-------------------------+-------+-------++-------
Melee: Unarmed           |   124 |   104 ||   228
       Punch             |       |     1 ||     1
 Fire: Blowgun           |       |    12 ||    12
  Use: Scroll            |       |     1 ||     1
       Potion            |       |     1 ||     1
  Eat: Chunk             |     8 |     8 ||    16
Armor: Leather armour    |    28 |    17 ||    45
Dodge: Dodged            |    84 |    54 ||   138
